 Dungeon Crawl Stone Soup version 0.24.1-14-gf8d2b509d9 (webtiles) character file.

Game seed: 3088569316983455175, levelgen mode: deterministic

59 H0rd4k the Magician (level 3, -8/19 HPs)
             Began as a Deep Elf Wizard on May 25, 2020.
             Mangled by a worm (11 damage)
             ... on level 2 of the Dungeon.
             The game lasted 00:02:29 (1123 turns).

H0rd4k the Magician (Deep Elf Wizard)               Turns: 1123, Time: 00:02:30

Health: -8/19      AC:  2    Str:  4    XL:     3   Next: 78%
Magic:  0/12       EV: 13    Int: 23    God:
Gold:   107        SH:  0    Dex: 13    Spells: 5/14 levels left

rFire    . . .     SeeInvis .   (no weapon)
rCold    . . .     Gourm    .   (no shield)
rNeg     . . .     Faith    .   a - +0 robe
rPois    .         Spirit   .   b - +0 hat
rElec    .         Reflect  .   (no cloak)
rCorr    .         Harm     .   (no gloves)
MR       .....                  (no boots)
Stlth    ++........             (no amulet)
HPRegen  0.06/turn              (no ring)
MPRegen  0.13/turn              (no ring)

@: very slightly contaminated
A: no striking features
a: no special abilities


You were on level 2 of the Dungeon.
You were not hungry.

You visited 1 branch of the dungeon, and saw 2 of its levels.

You collected 107 gold pieces.

Inventory:

Missiles
 i - 34 poisoned darts (quivered)
Armour
 a - a +0 robe (worn)
 b - a +0 hat (worn)
Jewellery
 o - a cursed ring of attention {unknown}
 p - an uncursed ring of fire {unknown}
Scrolls
 c - 2 scrolls of enchant weapon {unknown}
 f - 2 scrolls of immolation {unknown}
 h - 2 scrolls of teleportation {unknown}
 l - a scroll of remove curse {unknown}
 m - a scroll of blinking {unknown}
 q - a scroll of amnesia {unknown}
Potions
 e - a potion of haste {unknown}
 g - a potion of brilliance {unknown}
 j - 2 potions of agility {unknown}
 k - 3 potions of mutation {unknown}
 n - a potion of cancellation {unknown}
Comestibles
 d - 3 rations


   Skills:
 + Level 2.6 Dodging
 + Level 2.6 Stealth
 + Level 6.1 Spellcasting
 + Level 1.8 Conjurations
   Level 1.1 Summonings
 + Level 1.1 Translocations


You had 5 spell levels left.
You knew the following spells:

 Your Spells              Type           Power        Failure   Level  Hunger
a - Magic Dart            Conj           ###.         4%          1    None
b - Blink                 Tloc           N/A          9%          2    None
c - Conjure Flame         Conj/Fire      ##......     17%         3    #......
d - Mephitic Cloud        Conj/Pois/Air  #.......     21%         3    #......

Your spell library contained the following spells:

 Spells                   Type           Power        Failure   Level  Hunger
 Call Imp                 Summ           ##......     9%          2    None
 Slow                     Hex            #.......     13%         2    None


Dungeon Overview and Level Annotations

Branches:
Dungeon (2/15)

Altars:

Annotations:
D:2 exclusion: bullfrog


Message History

Casting: Magic Dart (safe; 4% risk of failure)
Confirm with . or Enter, or press ? or * to list all spells.
Aiming: Magic Dart (safe; 4% risk of failure)
Press: ? - help, Shift-Dir - straight line, f/p - worm
Aim: a worm (severely wounded)
The magic dart hits the worm.
The worm is almost dead.
The worm bites you!
Ouch! That really hurt!
* * * LOW HITPOINT WARNING * * *
Casting: Magic Dart (safe; 4% risk of failure)
Confirm with . or Enter, or press ? or * to list all spells.
Aiming: Magic Dart (safe; 4% risk of failure)
Press: ? - help, Shift-Dir - straight line, f/p - worm
Aim: a worm (almost dead)
The magic dart hits the worm.
The worm is almost dead.
The worm bites you!
Ouch! That really hurt!
You die...

.######.##........#
.# #.##........# #
.# #.##..S.....#.#
.# #.##..w.......#
[# #.# #'# .# #.#
#.# .# #.# #.#
.######.# #w#
.##.....# #@#
###.###.#### #.#
#(..#..#####.#
#...#....)..##.###
#####.#...#.##...#
#.......#.#.####.#
#.###.#.#.#.#....#
#.#...#.#.####
#.#####.#.#


You could see a worm.

Vanquished Creatures
  2 adders (D:2)
  An ooze (D:2)
  A dart slug (D:1)
  A leopard gecko (D:1)
  5 bats
  2 giant cockroaches (D:2)
  5 hobgoblins
  2 frilled lizards
  7 goblins
  5 kobolds
  A rat (D:1)
32 creatures vanquished.

Notes
Turn   | Place    | Note
-------+----------+-------------------------------------------
     0 | D:1      | H0rd4k the Deep Elf Wizard began the quest for the Orb.
     0 | D:1      | Reached XP level 1. HP: 10/10 MP: 7/7
   216 | D:1      | Reached skill level 5 in Spellcasting
   236 | D:1      | Reached XP level 2. HP: 15/15 MP: 8/10
   722 | D:2      | Reached XP level 3. HP: 19/19 MP: 6/12
   726 | D:2      | Learned a level 2 spell: Blink
   730 | D:2      | Learned a level 3 spell: Conjure Flame
   734 | D:2      | Learned a level 3 spell: Mephitic Cloud
  1021 | D:2      | Reached skill level 6 in Spellcasting
  1032 | D:2      | Noticed a bullfrog
  1123 | D:2      | Mangled by a worm

Levels and vault maps discovered:
D:1:      onia_arrival_pyramid, layout_loops_ring, minmay_quantized
D:2:      layout_basic

Skill      XL: |  1  2  3 |
---------------+----------+-----
Spellcasting   | 5 6 |  6.1
Dodging        | |  2.6
Stealth        | |  2.6
Conjurations   | |  1.8
Summonings     | |  1.1
Translocations | |  1.1

Action                   || total
-------------------------++-------
 Cast: Magic Dart        ||    90
Armor: Robe              ||     1
Dodge: Dodged            ||     7
